 Dungeon Crawl Stone Soup version 0.28-a0-60-g54b5640690 (webtiles) character file.

Game seed: 12485359804017980425

260 arson the Skirmisher (level 5, 0/48 HPs)
             Began as a Minotaur Monk on July 30, 2021.
             Succumbed to Edmund's poison
             ... on level 3 of the Dungeon.
             The game lasted 00:05:37 (3663 turns).

arson the Skirmisher (Minotaur Monk)                Turns: 3663, Time: 00:05:37

Health: 0/48       AC:  4    Str: 16    XL:     5   Next: 95%
Magic:  4/4        EV: 13    Int:  7    God:
Gold:   132        SH:  0    Dex: 13    Spells: 4/4 levels left

rFire   + . .      SeeInvis .     - Unarmed
rCold   . . .      Faith    .   (no shield)
rNeg    . . .      Spirit   .   b - +1 robe {rF+}
rPois   .          Reflect  .   (helmet restricted)
rElec   .          Harm     .   (no cloak)
rCorr   .          Rampage  .   d - +0 pair of gloves
Will    .....                   (no boots)
Stlth   ++........              (no amulet)
HPRegen 0.16/turn               (no ring)
MPRegen 0.09/turn               (no ring)

@: lethally poisoned (0 -> -6)
A: horns 2, retaliatory headbutt
a: no special abilities


You were on level 3 of the Dungeon.
You visited 1 branch of the dungeon, and saw 4 of its levels.
You also visited: Sewer.

You collected 132 gold pieces.

Inventory:

Armour
 b - a +1 robe of fire resistance (worn)
 d - a +0 pair of gloves (worn)
Jewellery
 k - a ring of see invisible
Scrolls
 c - a scroll of holy word {unknown}
 e - 2 scrolls of fear {unknown}
 f - 2 scrolls of identify {unknown}
 h - 2 scrolls of enchant weapon {unknown}
 i - a scroll of teleportation {unknown}
 l - a scroll of enchant armour {unknown}
Potions
 a - 4 potions of cancellation {unknown}
 g - a potion of curing {unknown}
 j - a potion of degeneration {unknown}
 m - 2 potions of invisibility {unknown}
 n - a potion of brilliance {unknown}
 o - a potion of might {unknown}


   Skills:
 + Level 5.5 Fighting
 + Level 5.0 Dodging
 - Level 1.5 Stealth
 + Level 4.9 Unarmed Combat


You had 4 spell levels left.
You didn't know any spells.
Your spell library contained the following spells:

 Spells                   Type           Power      Damage    Failure   Level
 Blink                    Tloc           N/A        N/A       56%         2
 Manifold Assault         Tloc           0%         N/A       100%        5
 Storm Form               Tmut/Air       0%         N/A       100%        7


Dungeon Overview and Level Annotations

Branches:
Dungeon (4/15)              Sewer (visited)
 Temple: D:4-7

Altars:

Annotations:
D:3 Edmund


Innate Abilities, Weirdness & Mutations

You have a pair of horns on your head.
You reflexively headbutt those who attack you in melee.


Message History

You hit Edmund. Your headbutt misses Edmund.
Edmund is moderately wounded.
Edmund hits you with a +0 flail of venom.
You are poisoned.
You barely miss Edmund. You headbutt Edmund.
Edmund is moderately wounded.
You feel sick. Edmund barely misses you.
You hit Edmund.
Edmund is heavily wounded.
You feel sick. Edmund misses you.
You hit Edmund but do no damage.
Edmund is heavily wounded.
You feel sick. Edmund misses you.
You barely miss Edmund. Your headbutt misses Edmund.
Edmund is heavily wounded.
You feel sick.
You barely miss Edmund.
Edmund is heavily wounded.
You feel sick. Edmund closely misses you.
You hit Edmund but do no damage.
Edmund is heavily wounded.
You feel sick.
Edmund hits you with a +0 flail of venom.
* * * LOW HITPOINT WARNING * * *
You are lethally poisoned!
You closely miss Edmund.
Edmund is heavily wounded.
* * * LOW HITPOINT WARNING * * *
You feel very sick. Edmund barely misses you.
You hit Edmund. You headbutt Edmund.
Edmund is heavily wounded.
* * * LOW HITPOINT WARNING * * *
You feel sick. Edmund misses you.
* * * LOW HITPOINT WARNING * * *
You feel sick.
* * * LOW HITPOINT WARNING * * *
You feel sick.
You see here a +0 dagger.
You die...

..#####........##...............#
.## #..###.......##.............#
.# #......##...................#
.####.#.....#...###.............#
................##..##.....>...##
...)...............##.........###
....)............###......#......
..............##.###......##.#.##
................@)@.......##.#.#.
.............###>#........##.#...
.............# #..##......##.#...
............># ##.#.......##.#...
#...........#####.........##.....
............###>..........###....
..###...###.##..#.#.###..........
#.###...###.#..##.#.#.........#..
#..#..........###................


You could see Edmund.

Vanquished Creatures
  A scorpion (D:3)
  Robin (D:2)
  8 adders
  3 river rats (Sewer)
  A dart slug (D:3)
  6 bats
  3 endoplasms (D:1)
  3 giant cockroaches
  14 goblins
  10 hobgoblins
  A jackal (D:4)
  10 ball pythons
  11 frilled lizards
  6 kobolds
  12 rats
90 creatures vanquished.

Notes
Turn   | Place    | Note
-------+----------+-------------------------------------------
     0 | D:1      | arson the Minotaur Monk began the quest for the Orb.
     0 | D:1      | Reached XP level 1. HP: 19/19 MP: 0/0
   107 | D:1      | Reached XP level 2. HP: 19/27 MP: 1/1
   680 | D:1      | Found a faded altar of an unknown god.
  1023 | D:2      | Reached XP level 3. HP: 33/33 MP: 2/2
  1970 | D:2      | Reached XP level 4. HP: 35/41 MP: 3/3
  1972 | D:2      | Noticed Robin
  1980 | D:2      | Killed Robin
  2524 | D:3      | Noticed a scorpion
  2530 | D:3      | Killed a scorpion
  2531 | D:3      | Reached skill level 5 in Fighting
  2531 | D:3      | Reached XP level 5. HP: 30/48 MP: 4/4
  3018 | D:4      | Found a glowing drain.
  3059 | Sewer    | Entered a sewer
  3231 | Sewer    | Reached skill level 5 in Dodging
  3476 | D:4      | Noticed Edmund
  3661 | D:3      | HP: 2/48 [poisoned by Edmund]
  3663 | D:3      | Succumbed to Edmund's poison

Illustrated notes

Levels and vault maps discovered:
D:1:      psy_arrival_spokes, layout_loops_ring,
          dreamdust_ecumenical_altar_statues, minmay_misc_feat_more_columns,
          fountainhead
D:2:      layout_loops_ring, uniq_robin
D:3:      layout_rooms
D:4:      layout_basic, gup_sewer_entry_glass,
          hangedman_abyss_or_decor_lesser_grid, uniq_edmund

Skill      XL: |  1  2  3  4  5 |
---------------+----------------+-----
Fighting       | 4 5 |  5.5
Dodging        | 4 5 |  5.0
Unarmed Combat | 4 |  4.9
Stealth        | |  1.5

Action                   |  1- 3 |  4- 6 || total
-------------------------+-------+-------++-------
Melee: Unarmed           |    84 |   107 ||   191
       Headbutt          |    17 |    24 ||    41
       Punch             |       |     1 ||     1
 Stab: Sleeping          |     5 |     1 ||     6
       Distracted        |       |     1 ||     1
Armor: Skin              |     2 |     2 ||     4
       Robe              |       |    10 ||    10
Dodge: Dodged            |    48 |    82 ||   130

Table legend: (Time is in decaauts)
 A = Elapsed time spent in this place.
 B = Non-inter-level travel time spent in this place.
 C = Inter-level travel time spent in this place.
 D = Time resting spent in this place.
 E = Time spent auto-exploring this place.
 F = Levels seen in this place.
 G = Mean time per level.
                   A        B        C        D        E       F      G
               +--------+--------+--------+--------+--------+-----+--------+
         Total |   3685 |   3625 |     60 |    674 |   2238 |   5 |  737.0 |
       Dungeon |   3294 |   3234 |     60 |    674 |   1942 |   4 |  823.5 |
         Sewer |    391 |    391 |      0 |      0 |    295 |   1 |  391.0 |
               +--------+--------+--------+--------+--------+-----+--------+

Top non-repeatable levels by time:
     D:2: 1307 daAuts
     D:1: 1017 daAuts
     D:3: 737 daAuts
   Sewer: 391 daAuts
     D:4: 232 daAuts
